Canadiens vs Predators

Created - December 2, 2024 at 19:26

Goals
1 2 3 OT1 SO T
Canadiens 1 1 4 0 1 6
Predators 2 1 3 0 2 7
Shots
1 2 3 OT1 SO T
Canadiens 11 13 8 4 4 36
Predators 9 4 15 1 4 29

1st period

1. Predators , Scott Laughton 4 (John Moore 6, Claude Giroux 7) at 6:06
2. Canadiens , Mikkel Boedker 11 (Auston Matthews 7, Michael Matheson 3) at 10:31
3. Predators , Mikael Granlund 9 (Jack Eichel 13) at 11:31 (PP)

Penalties :
Filip Hronek (Mtl) for Interference (Minor) at 11:23, Andy Miele (Nas) for Hooking (Minor) at 15:49

2nd period

4. Canadiens , Auston Matthews 3 (David Pastrnak 10) at 8:27
5. Predators , Mark Pysyk 5 (Travis Dermott 12, Jaden Schwartz 13) at 13:50

Penalties :
Filip Hronek (Mtl) for Interference (Minor) at 3:42, Travis Dermott (Nas) for Interference (Minor) at 11:42, Adam Fox (Mtl) for Cross-checking (Minor) at 18:10

3rd period

6. Canadiens , David Pastrnak 11 (Auston Matthews 8) at 7:38 (PP)
7. Predators , Mathieu Joseph 2 (Scott Laughton 3) at 11:10
8. Canadiens , Mikkel Boedker 12 (David Pastrnak 11, Auston Matthews 9) at 13:48
9. Canadiens , Matthew Tkachuk 3 (Brady Tkachuk 1, Michael Matheson 4) at 15:29
10. Predators , Claude Giroux 10 (Travis Dermott 13, Scott Laughton 4) at 18:01 (PP)
11. Predators , Jaden Schwartz 3 (Justin Faulk 15, Andy Miele 8) at 18:07
12. Canadiens , David Pastrnak 12 (Chris Kreider 11, Auston Matthews 10) at 19:19

Penalties :
Scott Laughton (Nas) for Roughing (Minor) at 2:05, Mikael Granlund (Nas) for Roughing (Minor) at 6:02, Roope Hintz (Mtl) for Hooking (Minor) at 16:50, Anze Kopitar (Mtl) for Interference (Minor) at 19:43

Overtime #1

No Goal

Penalties :
No Penalty

Shootout

Canadiens, Chris Kreider - Stopped by Andrei Vasilevskiy
Predators, Alexander Ovechkin - Stopped by James Reimer
Canadiens, David Pastrnak - Stopped by Andrei Vasilevskiy
Predators, Jack Eichel - Shot Misses the Net
Canadiens, Mikkel Boedker - Goal!
Predators, Claude Giroux - Goal!
Canadiens, Anze Kopitar - Stopped by Andrei Vasilevskiy
Predators, Mikael Granlund - Goal!

Penalties :
No Penalty

Goalie Stats

James Reimer (Mtl), 23 saves from 29 shots - (0.793), OTL, 0-2-1, 64:56 minutes
Andrei Vasilevskiy (Nas), 30 saves from 36 shots - (0.833), W, 8-3-1, 65:00 minutes

Players Stats for Canadiens

Player Name              G  A  P  +/- PIM S  H  SB GA TA FO     MP     PP MP  PK MP  
------------------------------------------------------------------------------------
Adam Fox                 0  0  0   0  2   3  2  0  0  0  0/0    26:27   4:20   1:43 
Anthony Cirelli          0  0  0   0  0   2  1  0  0  0  1/1    17:39   2:59   3:27 
Anze Kopitar             0  0  0   0  2   1  2  1  0  0  5/17   14:09   0:00   3:06 
Auston Matthews          1  4  5   3  0   2  1  2  0  0  15/25  20:37   4:23   0:00 
Ben Smith                0  0  0  -1  0   1  1  0  0  1  0/0    12:29   0:11   1:10 
Brady Tkachuk            0  1  1   0  0   2  0  0  0  0  0/0    10:59   2:59   0:00 
Chris Kreider            0  1  1  -1  0   6  1  2  0  3  0/0    20:04   4:26   0:56 
David Pastrnak           2  2  4   3  0   6  2  0  0  0  0/1    20:56   4:29   0:00 
Filip Hronek             0  0  0  -1  4   0  1  0  1  1  0/0    22:17   3:07   0:15 
Jeff Schultz             0  0  0  -1  0   0  2  2  0  0  0/0    16:45   1:50   2:35 
Marc Staal               0  0  0   0  0   1  0  1  0  0  0/0    20:34   0:00   2:43 
Matthew Tkachuk          1  0  1  -1  0   3  2  0  0  1  0/0     8:32   0:05   0:00 
Michael Matheson         0  2  2   4  0   0  3  1  0  0  0/0    19:17   1:14   2:43 
Mikkel Boedker           2  0  2   2  0   6  1  0  0  0  0/2    20:26   4:29   0:00 
Nicolas Hague            0  0  0   1  0   0  0  0  0  1  0/0    17:02   0:09   4:33 
Patrik Laine             0  0  0  -2  0   0  1  0  0  0  0/1    13:02   0:05   0:00 
Roope Hintz              0  0  0   0  2   1  1  0  0  0  4/8     9:16   0:00   1:17 
Sam Bennett              0  0  0  -1  0   2  4  1  0  0  6/17   19:01   2:59   2:53 

Players Stats for Predators

Player Name              G  A  P  +/- PIM S  H  SB GA TA FO     MP     PP MP  PK MP  
------------------------------------------------------------------------------------
Alexander Ovechkin       0  0  0  -2  0   0  0  2  0  0  0/1    23:37   3:04   1:16 
Andreas Englund          0  0  0  -2  0   0  0  0  0  0  0/0     9:19   0:00   0:00 
Andy Miele               0  1  1   0  2   2  0  0  0  0  11/17  14:07   0:00   3:13 
Claude Giroux            1  1  2  -1  0   3  6  0  0  0  0/0    18:19   2:23   1:55 
Jack Eichel              0  1  1  -2  0   4  1  1  2  0  17/36  22:50   3:04   0:50 
Jaden Schwartz           1  1  2   1  0   2  2  1  1  0  0/0    13:25   0:06   1:48 
John Moore               0  1  1   2  0   3  1  0  0  0  0/0    21:50   2:36   3:02 
Justin Faulk             0  1  1  -1  0   1  2  0  1  0  0/0    32:26   2:57   4:31 
Mark Pysyk               1  0  1   0  0   4  0  1  0  0  0/0    19:28   2:23   4:22 
Markus Granlund          0  0  0   1  0   0  0  0  0  0  1/1     7:35   0:00   0:27 
Mathieu Joseph           1  0  1   1  0   1  0  0  0  0  1/1     8:16   0:00   1:15 
Mikael Granlund          1  0  1  -2  2   6  0  0  2  0  5/6    22:20   3:10   0:00 
Morgan Rielly            0  0  0  -3  0   0  2  0  0  1  0/0    13:01   0:00   3:02 
Nicolas Kerdiles         0  0  0   1  0   0  0  0  1  0  0/0     7:01   0:00   0:00 
Reilly Smith             0  0  0   0  0   0  3  0  0  0  0/0    11:11   0:06   0:00 
Ryan Mcdonagh            0  0  0  -1  0   0  4  0  0  0  0/0    32:15   2:57   4:31 
Scott Laughton           1  2  3   0  2   3  1  0  0  0  6/10   14:14   2:23   0:00 
Travis Dermott           0  2  2   3  2   0  2  1  0  0  0/0    17:52   2:36   0:00 

3 Stars

1 - David Pastrnak (Mtl)
2 - Auston Matthews (Mtl)
3 - Mikkel Boedker (Mtl)

Power Play

Canadiens - 1 on 4 Attempt(s) - 25.00%
Predators - 2 on 5 Attempt(s) - 40.00%

Penalty Kill

Canadiens - 3 on 5 Attempt(s) - 60.00% - Score 0 goal in Penalty Kill
Predators - 3 on 4 Attempt(s) - 75.00% - Score 0 goal in Penalty Kill

Team Stat

Canadiens - Hits : 25 - Faceoff Wins : 31 - Blocked Shots : 10 - Penalty Minutes : 10
Predators - Hits : 24 - Faceoff Wins : 41 - Blocked Shots : 6 - Penalty Minutes : 8

Official

Referees : Brandon Schrader and Ghislain Hebert
Linesman : Steve Barton and James Tobias

Game Notes

Jeff Schultz is injured at 0:08 of 3rd period (Left Knee)

Finance

Level 1 -- Attendance: 6000 (100.00%) -- Ticket Income $600,000
Level 2 -- Attendance: 4754 (95.08%) -- Ticket Income $332,780
Level 3 -- Attendance: 2000 (100.00%) -- Ticket Income $80,000
Level 4 -- Attendance: 3708 (92.70%) -- Ticket Income $111,240
Luxury Box -- Attendance: 940 (94.00%) -- Ticket Income $188,000
Game was played at the Bridgestone arena.
Total Attendance: 17402 (96.68%)
Total Ticket Income: $1,312,020
Other Income: $196,803
Total Income: $1,508,823

Canadiens

5 vs 5 Forward 
   Center                   Left Wing                Right Wing               Time % Phy DF OF 
 1 Auston Matthews          Mikkel Boedker           David Pastrnak           35     1   2  2  
 2 Sam Bennett              Chris Kreider            Patrik Laine             30     1   2  2  
 3 Anze Kopitar             Anthony Cirelli          Ben Smith                20     1   2  2  
 4 Roope Hintz              Brady Tkachuk            Matthew Tkachuk          15     1   2  2  

5 vs 5 Defense 
   Defense                  Defense                                           Time % Phy DF OF 
 1 Adam Fox                 Jeff Schultz                                      40     1   2  2  
 2 Marc Staal               Filip Hronek                                      35     1   2  2  
 3 Michael Matheson         Nicolas Hague                                     25     1   2  2  
 4 Nicolas Hague            Filip Hronek                                      0      1   2  2  

PowerPlay Forward 
   Center                   Left Wing                Right Wing               Time % Phy DF OF 
 1 Auston Matthews          Mikkel Boedker           David Pastrnak           60     1   2  2  
 2 Sam Bennett              Anthony Cirelli          Brady Tkachuk            40     1   2  2  

PowerPlay Defense
   Defense                  Defense                                           Time % Phy DF OF 
 1 Chris Kreider            Adam Fox                                          60     1   2  2  
 2 Filip Hronek             Jeff Schultz                                      40     1   2  2  

Penalty Kill 4 Players Forward 
   Center                   Wing                     Time % Phy DF OF 
 1 Anze Kopitar             Anthony Cirelli          60     1   2  2  
 2 Sam Bennett              Ben Smith                40     1   2  2  

Penalty Kill 4 Players Defense
   Defense                  Defense                  Time % Phy DF OF 
 1 Nicolas Hague            Jeff Schultz             60     1   2  2  
 2 Michael Matheson         Marc Staal               40     1   2  2  

Penalty Kill - 3 Players Forward 
   Forward                                           Time % Phy DF OF 
 1 Anze Kopitar                                      60     1   2  2  
 2 Anthony Cirelli                                   40     1   2  2  

Penalty Kill - 3 Players Defense
   Defense                  Defense                  Time % Phy DF OF 
 1 Nicolas Hague            Jeff Schultz             60     1   2  2  
 2 Marc Staal               Michael Matheson         40     1   2  2  

4 vs 4 Forward 
   Center                   Wing                     Time % Phy DF OF 
 1 Auston Matthews          David Pastrnak           60     1   2  2  
 2 Sam Bennett              Chris Kreider            40     1   2  2  

4 vs 4 Defense
   Defense                  Defense                  Time % Phy DF OF 
 1 Adam Fox                 Jeff Schultz             60     1   2  2  
 2 Marc Staal               Michael Matheson         40     1   2  2  

Last Minutes Offensive
   Center                   Left Wing                Right Wing               Defense                  Defense                  
   Auston Matthews          Chris Kreider            David Pastrnak           Adam Fox                 Jeff Schultz             

Last Minutes Defensive
   Center                   Left Wing                Right Wing               Defense                  Defense                  
   Sam Bennett              Chris Kreider            Ben Smith                Nicolas Hague            Jeff Schultz             

Goaltenders
Starting : James Reimer             
Backup : John Gibson              

Extra Forwards
Normal : Sam Bennett, Matthew Tkachuk, Anthony Cirelli - PP : Ben Smith, Matthew Tkachuk - PK : Sam Bennett
Extra Defensemen
Normal : Michael Matheson, Nicolas Hague, Filip Hronek - PP : Michael Matheson - PK : Adam Fox, Filip Hronek
Penalty Shots
Chris Kreider, David Pastrnak, Mikkel Boedker, Anze Kopitar, Ben Smith
Custom OT Lines Forwards
Auston Matthews, David Pastrnak, Chris Kreider, Mikkel Boedker, Anthony Cirelli, Sam Bennett, Ben Smith, Matthew Tkachuk, Anze Kopitar, Brady Tkachuk
Custom OT Lines Defensemen
Adam Fox, Jeff Schultz, Marc Staal, Filip Hronek, Nicolas Hague

Scratches
Kyle Rau (Healthy)

Predators

5 vs 5 Forward 
   Center                   Left Wing                Right Wing               Time % Phy DF OF 
 1 Jack Eichel              Alexander Ovechkin       Mikael Granlund          40     1   2  2  
 2 Scott Laughton           Claude Giroux            Mark Pysyk               30     1   2  2  
 3 Andy Miele               Jaden Schwartz           Reilly Smith             20     1   2  2  
 4 Markus Granlund          Nicolas Kerdiles         Mathieu Joseph           10     1   2  2  

5 vs 5 Defense 
   Defense                  Defense                                           Time % Phy DF OF 
 1 Ryan Mcdonagh            Justin Faulk                                      40     1   2  2  
 2 John Moore               Travis Dermott                                    30     1   2  2  
 3 Andreas Englund          Morgan Rielly                                     20     1   2  2  
 4 Ryan Mcdonagh            Justin Faulk                                      10     1   3  1  

PowerPlay Forward 
   Center                   Left Wing                Right Wing               Time % Phy DF OF 
 1 Jack Eichel              Alexander Ovechkin       Mikael Granlund          60     1   1  3  
 2 Scott Laughton           Claude Giroux            Mark Pysyk               40     1   1  3  

PowerPlay Defense
   Defense                  Defense                                           Time % Phy DF OF 
 1 Ryan Mcdonagh            Justin Faulk                                      60     1   2  2  
 2 John Moore               Travis Dermott                                    40     1   2  2  

Penalty Kill 4 Players Forward 
   Center                   Wing                     Time % Phy DF OF 
 1 Andy Miele               Mark Pysyk               60     1   2  2  
 2 Claude Giroux            Jaden Schwartz           40     1   2  2  

Penalty Kill 4 Players Defense
   Defense                  Defense                  Time % Phy DF OF 
 1 Ryan Mcdonagh            Justin Faulk             60     1   3  1  
 2 John Moore               Morgan Rielly            40     1   3  1  

Penalty Kill - 3 Players Forward 
   Forward                                           Time % Phy DF OF 
 1 Mark Pysyk                                        60     1   3  1  
 2 Claude Giroux                                     40     1   3  1  

Penalty Kill - 3 Players Defense
   Defense                  Defense                  Time % Phy DF OF 
 1 Ryan Mcdonagh            Justin Faulk             60     1   3  1  
 2 John Moore               Morgan Rielly            40     1   3  1  

4 vs 4 Forward 
   Center                   Wing                     Time % Phy DF OF 
 1 Mikael Granlund          Alexander Ovechkin       60     1   2  2  
 2 Jack Eichel              Claude Giroux            40     1   2  2  

4 vs 4 Defense
   Defense                  Defense                  Time % Phy DF OF 
 1 Ryan Mcdonagh            Justin Faulk             60     1   2  2  
 2 John Moore               Travis Dermott           40     1   2  2  

Last Minutes Offensive
   Center                   Left Wing                Right Wing               Defense                  Defense                  
   Jack Eichel              Alexander Ovechkin       Mikael Granlund          Ryan Mcdonagh            Justin Faulk             

Last Minutes Defensive
   Center                   Left Wing                Right Wing               Defense                  Defense                  
   Andy Miele               Claude Giroux            Mark Pysyk               Ryan Mcdonagh            John Moore               

Goaltenders
Starting : Andrei Vasilevskiy       
Backup : Kari Lehtonen            

Extra Forwards
Normal : Jaden Schwartz, Reilly Smith, Mathieu Joseph - PP : Jaden Schwartz, Reilly Smith - PK : Mathieu Joseph
Extra Defensemen
Normal : John Moore, Morgan Rielly, Travis Dermott - PP : Morgan Rielly - PK : Andreas Englund, Travis Dermott
Penalty Shots
Alexander Ovechkin, Jack Eichel, Claude Giroux, Mikael Granlund, Jaden Schwartz
Custom OT Lines Forwards
Claude Giroux, Mikael Granlund, Alexander Ovechkin, Jack Eichel, Jaden Schwartz, Reilly Smith, Mark Pysyk, Andy Miele, Scott Laughton, Mathieu Joseph
Custom OT Lines Defensemen
Ryan Mcdonagh, Justin Faulk, John Moore, Travis Dermott, Morgan Rielly

Scratches
Joel Armia (Healthy)

% Time on Ice - Canadiens

Lines # - Real PCT - Wanted PCT - Time Play
Normal Forward
1 - 32% - 35% - 14:56
2 - 28% - 30% - 12:48
3 - 23% - 20% - 10:46
4 - 17% - 15% - 8:00
Normal Defense
1 - 41% - 40% - 19:06
2 - 35% - 35% - 16:30
3 - 22% - 25% - 10:04
4 - 2% - 0% - 0:50
PP Forward
1 - 60% - 60% - 4:34
2 - 40% - 40% - 2:59
PP Defense
1 - 59% - 60% - 4:26
2 - 41% - 40% - 3:07
PK Forward
1 - 79% - 60% - 4:23
2 - 21% - 40% - 1:10
PK Defense
1 - 62% - 60% - 3:28
2 - 38% - 40% - 2:05
PK3 Forward
1 - 100% - 60% - 1:43
2 - 0% - 40% - 0:00
PK3 Defense
1 - 63% - 60% - 1:05
2 - 37% - 40% - 0:38
44 Forward
1 - 0% - 60%
2 - 0% - 40%
44 Defense
1 - 0% - 60%
2 - 0% - 40%
Last Minute Offensive  - 0:24
Last Minute Defensive  - 0:00
Total
Forward - 61:43
Defense - 61:43

% Time on Ice - Predators

Lines # - Real PCT - Wanted PCT - Time Play
Normal Forward
1 - 38% - 40% - 17:40
2 - 26% - 30% - 11:52
3 - 21% - 20% - 9:54
4 - 15% - 10% - 7:01
Normal Defense
1 - 43% - 40% - 20:01
2 - 32% - 30% - 14:45
3 - 20% - 20% - 9:19
4 - 5% - 10% - 2:22
PP Forward
1 - 57% - 60% - 3:10
2 - 43% - 40% - 2:23
PP Defense
1 - 53% - 60% - 2:57
2 - 47% - 40% - 2:36
PK Forward
1 - 76% - 60% - 5:45
2 - 24% - 40% - 1:48
PK Defense
1 - 60% - 60% - 4:31
2 - 40% - 40% - 3:02
PK3 Forward
1 - 0% - 60%
2 - 0% - 40%
PK3 Defense
1 - 0% - 60%
2 - 0% - 40%
44 Forward
1 - 83% - 60% - 1:25
2 - 17% - 40% - 0:18
44 Defense
1 - 57% - 60% - 0:59
2 - 43% - 40% - 0:44
Last Minute Offensive  - 0:00
Last Minute Defensive  - 0:27
Total
Forward - 61:43
Defense - 61:43

Play-by-Play

1st period


0:01 of 1st period - Auston Matthews wins face-off versus Jack Eichel in neutral zone.
0:12 of 1st period - Slapshot by Mikael Granlund.
0:12 of 1st period - Shot Misses the Net.
1:21 of 1st period - Wrist shot by Markus Granlund.
1:21 of 1st period - Shot Misses the Net.
1:39 of 1st period - Slapshot by Mikael Granlund.
1:39 of 1st period - Stopped by James Reimer with a rebound.
1:41 of 1st period - Wrist shot by Mikael Granlund.
1:41 of 1st period - Shot Misses the Net.
3:25 of 1st period - Jeff Schultz is hit by Claude Giroux and loses puck.
3:42 of 1st period - Mikkel Boedker is hit by Reilly Smith and loses puck.
4:35 of 1st period - Mark Pysyk is hit by Michael Matheson and loses puck.
4:58 of 1st period - Snap shot by Claude Giroux.
4:58 of 1st period - Shot Blocked by Anze Kopitar.
5:09 of 1st period - Wrist shot by Scott Laughton.
5:09 of 1st period - Shot Misses the Net.
5:11 of 1st period - Slapshot by John Moore.
5:11 of 1st period - Stopped by James Reimer with a rebound.
5:13 of 1st period - Wrist shot by John Moore.
5:13 of 1st period - Shot Blocked by Auston Matthews.
5:27 of 1st period - Snap shot by Mark Pysyk.
5:27 of 1st period - Stopped by James Reimer with a rebound.
5:33 of 1st period - Snap shot by Mark Pysyk.
5:33 of 1st period - Stopped by James Reimer with a rebound.
6:04 of 1st period - Slapshot by John Moore.
6:04 of 1st period - Deflect By Jeff Schultz.
6:04 of 1st period - Stopped by James Reimer with a rebound.
6:06 of 1st period - Snap shot by Scott Laughton.
6:06 of 1st period - Goal by Scott Laughton - Canadiens : 0 - Predators : 1.
6:07 of 1st period - Jack Eichel wins face-off versus Sam Bennett in neutral zone.
7:09 of 1st period - Snap shot by Andy Miele.
7:09 of 1st period - Stopped by James Reimer with a rebound.
7:18 of 1st period - Anze Kopitar is hit by Ryan Mcdonagh and loses puck.
8:02 of 1st period - Michael Matheson is hit by Jack Eichel and loses puck.
8:50 of 1st period - Snap shot by Brady Tkachuk.
8:50 of 1st period - Stopped by Andrei Vasilevskiy without a rebound.
8:51 of 1st period - Mikael Granlund wins face-off versus Auston Matthews in Predators zone.
8:56 of 1st period - Jeff Schultz is hit by Justin Faulk and loses puck.
9:35 of 1st period - Snap shot by Ryan Mcdonagh.
9:35 of 1st period - Deflect By Jack Eichel.
9:35 of 1st period - Stopped by James Reimer with a rebound.
10:29 of 1st period - Wrist shot by Auston Matthews.
10:29 of 1st period - Stopped by Andrei Vasilevskiy with a rebound.
10:31 of 1st period - Snap shot by Mikkel Boedker.
10:31 of 1st period - Goal by Mikkel Boedker - Canadiens : 1 - Predators : 1.
10:32 of 1st period - Sam Bennett wins face-off versus Scott Laughton in neutral zone.
10:45 of 1st period - Snap shot by Sam Bennett.
10:45 of 1st period - Deflect By Chris Kreider.
10:45 of 1st period - Stopped by Andrei Vasilevskiy without a rebound.
10:46 of 1st period - Andy Miele wins face-off versus Sam Bennett in Predators zone.
10:59 of 1st period - Wrist shot by Chris Kreider.
10:59 of 1st period - Stopped by Andrei Vasilevskiy without a rebound.
11:00 of 1st period - Scott Laughton wins face-off versus Anze Kopitar in Predators zone.
11:23 of 1st period - Minor Penalty to Filip Hronek for Interference.
11:24 of 1st period - Jack Eichel wins face-off versus Anze Kopitar in Canadiens zone.
11:31 of 1st period - Slapshot by Mikael Granlund.
11:31 of 1st period - Goal by Mikael Granlund - Canadiens : 1 - Predators : 2.
11:32 of 1st period - Jack Eichel wins face-off versus Sam Bennett in neutral zone.
12:51 of 1st period - Wrist shot by Sam Bennett.
12:51 of 1st period - Stopped by Andrei Vasilevskiy with a rebound.
12:53 of 1st period - Slapshot by Marc Staal.
12:53 of 1st period - Shot Blocked by Travis Dermott.
13:46 of 1st period - Snap shot by Matthew Tkachuk.
13:46 of 1st period - Stopped by Andrei Vasilevskiy with a rebound.
13:48 of 1st period - Slapshot by Jeff Schultz.
13:48 of 1st period - Shot Misses the Net.
14:25 of 1st period - Icing by Jaden Schwartz.
14:26 of 1st period - Auston Matthews wins face-off versus Andy Miele in Predators zone.
14:29 of 1st period - Backhand shot by Mikkel Boedker.
14:29 of 1st period - Stopped by Andrei Vasilevskiy without a rebound.
14:30 of 1st period - Sam Bennett wins face-off versus Jack Eichel in Predators zone.
14:31 of 1st period - Snap shot by Chris Kreider.
14:31 of 1st period - Stopped by Andrei Vasilevskiy with a rebound.
14:56 of 1st period - Snap shot by Ben Smith.
14:56 of 1st period - Shot Misses the Net.
15:00 of 1st period - Wrist shot by Anze Kopitar.
15:00 of 1st period - Stopped by Andrei Vasilevskiy without a rebound.
15:01 of 1st period - Scott Laughton wins face-off versus Anze Kopitar in Predators zone.
15:47 of 1st period - Slapshot by Adam Fox.
15:47 of 1st period - Stopped by Andrei Vasilevskiy with a rebound.
15:49 of 1st period - Minor Penalty to Andy Miele for Hooking.
15:50 of 1st period - Mathieu Joseph wins face-off versus Auston Matthews in Predators zone.
16:35 of 1st period - Jack Eichel is hit by David Pastrnak.
17:09 of 1st period - Alexander Ovechkin is hit by Sam Bennett and loses puck.
17:49 of 1st period - Penalty to Andy Miele is over, Andy Miele is back on ice.
18:19 of 1st period - Travis Dermott is hit by Anze Kopitar and loses puck.
18:46 of 1st period - Andreas Englund is hit by Matthew Tkachuk and loses puck.
Goals for this period are 1 for Canadiens vs 2 for Predators.
Shots for this period are 11 for Canadiens vs 9 for Predators.

2nd period


0:01 of 2nd period - Auston Matthews wins face-off versus Jack Eichel in neutral zone.
0:26 of 2nd period - Mark Pysyk is hit by Patrik Laine and loses puck.
0:44 of 2nd period - Claude Giroux is hit by Jeff Schultz and loses puck.
1:13 of 2nd period - Wrist shot by Chris Kreider.
1:13 of 2nd period - Stopped by Andrei Vasilevskiy with a rebound.
1:15 of 2nd period - Wrist shot by Marc Staal.
1:15 of 2nd period - Deflect By Chris Kreider.
1:15 of 2nd period - Stopped by Andrei Vasilevskiy without a rebound.
1:16 of 2nd period - Auston Matthews wins face-off versus Jack Eichel in Predators zone.
1:21 of 2nd period - Snap shot by David Pastrnak.
1:21 of 2nd period - Stopped by Andrei Vasilevskiy with a rebound.
1:31 of 2nd period - Slapshot by David Pastrnak.
1:31 of 2nd period - Stopped by Andrei Vasilevskiy without a rebound.
1:32 of 2nd period - Andy Miele wins face-off versus Roope Hintz in Predators zone.
1:57 of 2nd period - Ryan Mcdonagh is hit by Ben Smith.
2:33 of 2nd period - Off-side.
2:34 of 2nd period - Sam Bennett wins face-off versus Scott Laughton in neutral zone.
3:05 of 2nd period - Slapshot by Adam Fox.
3:05 of 2nd period - Shot Misses the Net.
3:07 of 2nd period - Slapshot by Mikkel Boedker.
3:07 of 2nd period - Stopped by Andrei Vasilevskiy with a rebound.
3:42 of 2nd period - Minor Penalty to Filip Hronek for Interference.
3:43 of 2nd period - Anze Kopitar wins face-off versus Jack Eichel in Canadiens zone.
4:53 of 2nd period - Sam Bennett is hit by Claude Giroux.
4:57 of 2nd period - Scott Laughton is hit by Chris Kreider and loses puck.
5:42 of 2nd period - Penalty to Filip Hronek is over, Filip Hronek is back on ice.
6:28 of 2nd period - Icing by Mathieu Joseph.
6:29 of 2nd period - Markus Granlund wins face-off versus Sam Bennett in Predators zone.
6:44 of 2nd period - Jaden Schwartz is hit by Sam Bennett and loses puck.
6:57 of 2nd period - Slapshot by Ben Smith.
6:57 of 2nd period - Shot Blocked by Mark Pysyk.
7:06 of 2nd period - Off-side.
7:07 of 2nd period - Mikael Granlund wins face-off versus Auston Matthews in neutral zone.
7:14 of 2nd period - Wrist shot by Mikael Granlund.
7:14 of 2nd period - Deflect By Auston Matthews.
7:14 of 2nd period - Shot Misses the Net.
7:14 of 2nd period - Puck is out of play.
7:15 of 2nd period - Auston Matthews wins face-off versus Jack Eichel in Canadiens zone.
7:19 of 2nd period - Off-side.
7:20 of 2nd period - Auston Matthews wins face-off versus Jack Eichel in neutral zone.
7:23 of 2nd period - Snap shot by Mikkel Boedker.
7:23 of 2nd period - Deflect By David Pastrnak.
7:23 of 2nd period - Stopped by Andrei Vasilevskiy without a rebound.
7:24 of 2nd period - Jack Eichel wins face-off versus Auston Matthews in Predators zone.
7:52 of 2nd period - Sam Bennett is hit by Scott Laughton and loses puck.
8:17 of 2nd period - Snap shot by Sam Bennett.
8:17 of 2nd period - Shot Misses the Net.
8:19 of 2nd period - Wrist shot by Ben Smith.
8:19 of 2nd period - Stopped by Andrei Vasilevskiy without a rebound.
8:20 of 2nd period - Auston Matthews wins face-off versus Jack Eichel in Predators zone.
8:27 of 2nd period - Wrist shot by David Pastrnak.
8:27 of 2nd period - Deflect By Auston Matthews.
8:27 of 2nd period - Goal by Auston Matthews - Canadiens : 2 - Predators : 2.
8:28 of 2nd period - Sam Bennett wins face-off versus Alexander Ovechkin in neutral zone.
9:02 of 2nd period - Snap shot by Claude Giroux.
9:02 of 2nd period - Shot Blocked by Marc Staal.
10:08 of 2nd period - Chris Kreider is hit by Morgan Rielly and loses puck.
11:19 of 2nd period - Wrist shot by Jaden Schwartz.
11:19 of 2nd period - Stopped by James Reimer without a rebound.
11:20 of 2nd period - Auston Matthews wins face-off versus Jack Eichel in Canadiens zone.
11:20 of 2nd period - Auston Matthews is hit by John Moore.
11:42 of 2nd period - Minor Penalty to Travis Dermott for Interference.
11:43 of 2nd period - Andy Miele wins face-off versus Auston Matthews in Predators zone.
11:48 of 2nd period - Wrist shot by Andy Miele.
11:48 of 2nd period - Shot Blocked by Chris Kreider.
12:56 of 2nd period - Filip Hronek is hit by Morgan Rielly and loses puck.
13:15 of 2nd period - Adam Fox is hit by Ryan Mcdonagh and loses puck.
13:22 of 2nd period - Claude Giroux is hit by Jeff Schultz and loses puck.
13:42 of 2nd period - Penalty to Travis Dermott is over, Travis Dermott is back on ice.
13:50 of 2nd period - Wrist shot by Mark Pysyk.
13:50 of 2nd period - Goal by Mark Pysyk - Canadiens : 2 - Predators : 3.
13:51 of 2nd period - Anthony Cirelli wins face-off versus Jack Eichel in neutral zone.
13:51 of 2nd period - Anze Kopitar is hit by Travis Dermott and loses puck.
14:04 of 2nd period - Snap shot by Jack Eichel.
14:04 of 2nd period - Stopped by James Reimer without a rebound.
14:05 of 2nd period - Jack Eichel wins face-off versus Sam Bennett in Canadiens zone.
14:06 of 2nd period - Slapshot by Mikael Granlund.
14:06 of 2nd period - Shot Blocked by Jeff Schultz.
14:58 of 2nd period - Slapshot by Auston Matthews.
14:58 of 2nd period - Shot Misses the Net.
15:47 of 2nd period - Wrist shot by Roope Hintz.
15:47 of 2nd period - Stopped by Andrei Vasilevskiy with a rebound.
15:49 of 2nd period - Slapshot by Marc Staal.
15:49 of 2nd period - Stopped by Andrei Vasilevskiy with a rebound.
15:51 of 2nd period - Slapshot by Roope Hintz.
15:51 of 2nd period - Shot Misses the Net.
15:53 of 2nd period - Snap shot by Brady Tkachuk.
15:53 of 2nd period - Stopped by Andrei Vasilevskiy with a rebound.
16:03 of 2nd period - David Pastrnak is hit by Claude Giroux and loses puck.
16:10 of 2nd period - Snap shot by Claude Giroux.
16:10 of 2nd period - Shot Blocked by Michael Matheson.
16:22 of 2nd period - Reilly Smith is hit by Roope Hintz and loses puck.
16:33 of 2nd period - Morgan Rielly is hit by Sam Bennett and loses puck.
17:06 of 2nd period - Auston Matthews is hit by Ryan Mcdonagh and loses puck.
17:13 of 2nd period - Justin Faulk is hit by Auston Matthews and loses puck.
17:40 of 2nd period - Slapshot by Jack Eichel.
17:40 of 2nd period - Stopped by James Reimer without a rebound.
17:41 of 2nd period - Roope Hintz wins face-off versus Scott Laughton in Canadiens zone.
17:57 of 2nd period - Wrist shot by Matthew Tkachuk.
17:57 of 2nd period - Stopped by Andrei Vasilevskiy without a rebound.
17:58 of 2nd period - Andy Miele wins face-off versus David Pastrnak in Predators zone.
18:10 of 2nd period - Minor Penalty to Adam Fox for Cross-checking.
18:11 of 2nd period - Anze Kopitar wins face-off versus Jack Eichel in Canadiens zone.
18:18 of 2nd period - Icing by Mikael Granlund.
18:19 of 2nd period - Jack Eichel wins face-off versus Anze Kopitar in Predators zone.
18:30 of 2nd period - Snap shot by Anthony Cirelli.
18:30 of 2nd period - Stopped by Andrei Vasilevskiy without a rebound.
18:31 of 2nd period - Jack Eichel wins face-off versus Anze Kopitar in Predators zone.
19:32 of 2nd period - Michael Matheson is hit by Claude Giroux and loses puck.
Goals for this period are 1 for Canadiens vs 1 for Predators.
Shots for this period are 13 for Canadiens vs 4 for Predators.

3rd period


0:01 of 3rd period - Jack Eichel wins face-off versus Anze Kopitar in neutral zone.
0:08 of 3rd period - Slapshot by Justin Faulk.
0:08 of 3rd period - Shot Blocked by Jeff Schultz.
0:08 of 3rd period - Jeff Schultz from Canadiens is injured at 0:08 of 3rd period (Left Knee).
0:09 of 3rd period - Jack Eichel wins face-off versus Anze Kopitar in Canadiens zone.
0:10 of 3rd period - Penalty to Adam Fox is over, Adam Fox is back on ice.
0:24 of 3rd period - Wrist shot by Mikael Granlund.
0:24 of 3rd period - Stopped by James Reimer without a rebound.
0:25 of 3rd period - Scott Laughton wins face-off versus Sam Bennett in Canadiens zone.
0:30 of 3rd period - Wrist shot by Claude Giroux.
0:30 of 3rd period - Shot Misses the Net.
0:42 of 3rd period - Slapshot by Marc Staal.
0:42 of 3rd period - Shot Misses the Net.
0:52 of 3rd period - Mikael Granlund is hit by Filip Hronek and loses puck.
1:01 of 3rd period - Slapshot by Mikkel Boedker.
1:01 of 3rd period - Stopped by Andrei Vasilevskiy without a rebound.
1:02 of 3rd period - Anze Kopitar wins face-off versus Jack Eichel in Predators zone.
1:11 of 3rd period - Wrist shot by Anze Kopitar.
1:11 of 3rd period - Shot Blocked by Alexander Ovechkin.
1:13 of 3rd period - Wrist shot by Anthony Cirelli.
1:13 of 3rd period - Stopped by Andrei Vasilevskiy without a rebound.
1:14 of 3rd period - Jack Eichel wins face-off versus Sam Bennett in Predators zone.
1:27 of 3rd period - Wrist shot by Chris Kreider.
1:27 of 3rd period - Deflect By Sam Bennett.
1:27 of 3rd period - Stopped by Andrei Vasilevskiy without a rebound.
1:28 of 3rd period - Jack Eichel wins face-off versus Auston Matthews in Predators zone.
1:28 of 3rd period - Jack Eichel is hit by Michael Matheson.
1:40 of 3rd period - Slapshot by Adam Fox.
1:40 of 3rd period - Stopped by Andrei Vasilevskiy with a rebound.
2:05 of 3rd period - Minor Penalty to Scott Laughton for Roughing.
2:06 of 3rd period - Auston Matthews wins face-off versus Andy Miele in Predators zone.
3:39 of 3rd period - Mark Pysyk is hit by Anthony Cirelli and loses puck.
4:02 of 3rd period - Mikkel Boedker is hit by Jaden Schwartz and loses puck.
4:05 of 3rd period - Penalty to Scott Laughton is over, Scott Laughton is back on ice.
4:13 of 3rd period - Wrist shot by Scott Laughton.
4:13 of 3rd period - Stopped by James Reimer with a rebound.
4:15 of 3rd period - Wrist shot by Scott Laughton.
4:15 of 3rd period - Stopped by James Reimer with a rebound.
4:17 of 3rd period - Wrist shot by Claude Giroux.
4:17 of 3rd period - Stopped by James Reimer without a rebound.
4:18 of 3rd period - Jack Eichel wins face-off versus Roope Hintz in Canadiens zone.
5:36 of 3rd period - Nicolas Hague is hit by Reilly Smith and loses puck.
6:02 of 3rd period - Minor Penalty to Mikael Granlund for Roughing.
6:03 of 3rd period - Andy Miele wins face-off versus Auston Matthews in Predators zone.
6:03 of 3rd period - Andy Miele is hit by Adam Fox.
6:29 of 3rd period - Ryan Mcdonagh is hit by Adam Fox and loses puck.
6:46 of 3rd period - Slapshot by Claude Giroux.
6:46 of 3rd period - Stopped by James Reimer without a rebound.
6:47 of 3rd period - Andy Miele wins face-off versus Auston Matthews in Canadiens zone.
7:02 of 3rd period - Wrist shot by Jaden Schwartz.
7:02 of 3rd period - Shot Misses the Net.
7:31 of 3rd period - Andy Miele is hit by David Pastrnak and loses puck.
7:38 of 3rd period - Slapshot by David Pastrnak.
7:38 of 3rd period - Goal by David Pastrnak - Canadiens : 3 - Predators : 3.
7:39 of 3rd period - Jack Eichel wins face-off versus Sam Bennett in neutral zone.
7:42 of 3rd period - Slapshot by Justin Faulk.
7:42 of 3rd period - Stopped by James Reimer with a rebound.
8:06 of 3rd period - Filip Hronek is hit by Claude Giroux and loses puck.
8:14 of 3rd period - Icing by Marc Staal.
8:15 of 3rd period - Scott Laughton wins face-off versus Anze Kopitar in Canadiens zone.
8:46 of 3rd period - Wrist shot by Jack Eichel.
8:46 of 3rd period - Stopped by James Reimer without a rebound.
8:47 of 3rd period - Auston Matthews wins face-off versus Jack Eichel in Canadiens zone.
10:00 of 3rd period - Off-side.
10:01 of 3rd period - Scott Laughton wins face-off versus Patrik Laine in neutral zone.
10:12 of 3rd period - Snap shot by Chris Kreider.
10:12 of 3rd period - Shot Misses the Net.
10:35 of 3rd period - Wrist shot by Reilly Smith.
10:35 of 3rd period - Shot Misses the Net.
10:37 of 3rd period - Slapshot by John Moore.
10:37 of 3rd period - Stopped by James Reimer without a rebound.
10:38 of 3rd period - Andy Miele wins face-off versus Sam Bennett in Canadiens zone.
11:08 of 3rd period - Slapshot by Mathieu Joseph.
11:08 of 3rd period - Shot Misses the Net.
11:10 of 3rd period - Snap shot by Mathieu Joseph.
11:10 of 3rd period - Goal by Mathieu Joseph - Canadiens : 3 - Predators : 4.
11:11 of 3rd period - Auston Matthews wins face-off versus Jack Eichel in neutral zone.
11:13 of 3rd period - Off-side.
11:14 of 3rd period - Auston Matthews wins face-off versus Jack Eichel in neutral zone.
12:27 of 3rd period - Ben Smith is hit by Travis Dermott and loses puck.
12:48 of 3rd period - Markus Granlund is hit by Mikkel Boedker and loses puck.
13:14 of 3rd period - Icing by Sam Bennett.
13:15 of 3rd period - Sam Bennett wins face-off versus Jack Eichel in Canadiens zone.
13:22 of 3rd period - Justin Faulk is hit by Sam Bennett.
13:35 of 3rd period - Off-side.
13:36 of 3rd period - Scott Laughton wins face-off versus Auston Matthews in neutral zone.
13:40 of 3rd period - Off-side.
13:41 of 3rd period - Auston Matthews wins face-off versus Scott Laughton in neutral zone.
13:48 of 3rd period - Snap shot by Mikkel Boedker.
13:48 of 3rd period - Goal by Mikkel Boedker - Canadiens : 4 - Predators : 4.
13:49 of 3rd period - Jack Eichel wins face-off versus Mikkel Boedker in neutral zone.
14:41 of 3rd period - Anze Kopitar is hit by Jaden Schwartz.
14:45 of 3rd period - Slapshot by Marc Staal.
14:45 of 3rd period - Shot Blocked by Jaden Schwartz.
14:51 of 3rd period - Snap shot by Andy Miele.
14:51 of 3rd period - Shot Misses the Net.
15:06 of 3rd period - Wrist shot by Mathieu Joseph.
15:06 of 3rd period - Shot Misses the Net.
15:13 of 3rd period - Icing by Brady Tkachuk.
15:14 of 3rd period - Andy Miele wins face-off versus Roope Hintz in Canadiens zone.
15:20 of 3rd period - Icing by Michael Matheson.
15:21 of 3rd period - Roope Hintz wins face-off versus Andy Miele in Canadiens zone.
15:21 of 3rd period - Roope Hintz is hit by Reilly Smith.
15:29 of 3rd period - Snap shot by Matthew Tkachuk.
15:29 of 3rd period - Goal by Matthew Tkachuk - Canadiens : 5 - Predators : 4.
15:30 of 3rd period - Andy Miele wins face-off versus Anze Kopitar in neutral zone.
15:49 of 3rd period - Icing by Nicolas Hague.
15:50 of 3rd period - Jack Eichel wins face-off versus Anze Kopitar in Canadiens zone.
15:53 of 3rd period - Wrist shot by Mikael Granlund.
15:53 of 3rd period - Stopped by James Reimer without a rebound.
15:54 of 3rd period - Roope Hintz wins face-off versus Jack Eichel in Canadiens zone.
16:11 of 3rd period - Wrist shot by Jack Eichel.
16:11 of 3rd period - Deflect By Mikael Granlund.
16:11 of 3rd period - Stopped by James Reimer without a rebound.
16:12 of 3rd period - Anze Kopitar wins face-off versus Andy Miele in Canadiens zone.
16:12 of 3rd period - Anze Kopitar is hit by Justin Faulk.
16:19 of 3rd period - Marc Staal is hit by Ryan Mcdonagh and loses puck.
16:26 of 3rd period - Snap shot by Jaden Schwartz.
16:26 of 3rd period - Shot Misses the Net.
16:28 of 3rd period - Snap shot by Reilly Smith.
16:28 of 3rd period - Deflect By Andy Miele.
16:28 of 3rd period - Stopped by James Reimer without a rebound.
16:29 of 3rd period - Roope Hintz wins face-off versus Jack Eichel in Canadiens zone.
16:36 of 3rd period - Ryan Mcdonagh is hit by Matthew Tkachuk and loses puck.
16:50 of 3rd period - Minor Penalty to Roope Hintz for Hooking.
16:51 of 3rd period - Jack Eichel wins face-off versus Anze Kopitar in Canadiens zone.
17:06 of 3rd period - Snap shot by Mikael Granlund.
17:06 of 3rd period - Shot Misses the Net.
17:37 of 3rd period - Mark Pysyk is hit by Michael Matheson and loses puck.
17:44 of 3rd period - Ben Smith is hit by Claude Giroux and loses puck.
18:01 of 3rd period - Wrist shot by Claude Giroux.
18:01 of 3rd period - Goal by Claude Giroux - Canadiens : 5 - Predators : 5.
18:02 of 3rd period - Andy Miele wins face-off versus Roope Hintz in neutral zone.
18:05 of 3rd period - Slapshot by Justin Faulk.
18:05 of 3rd period - Shot Misses the Net.
18:07 of 3rd period - Slapshot by Jaden Schwartz.
18:07 of 3rd period - Goal by Jaden Schwartz - Canadiens : 5 - Predators : 6.
18:08 of 3rd period - Andy Miele wins face-off versus Anze Kopitar in neutral zone.
19:07 of 3rd period - Snap shot by Claude Giroux.
19:07 of 3rd period - Shot Misses the Net.
19:09 of 3rd period - Snap shot by Mark Pysyk.
19:09 of 3rd period - Stopped by James Reimer without a rebound.
19:10 of 3rd period - Ken Hitchcock call a timeout for Canadiens.
19:10 of 3rd period - Auston Matthews wins face-off versus Andy Miele in Canadiens zone.
19:15 of 3rd period - Canadiens, James Reimer is pulled from the net.
19:19 of 3rd period - Snap shot by David Pastrnak.
19:19 of 3rd period - Goal by David Pastrnak - Canadiens : 6 - Predators : 6.
19:19 of 3rd period - James Reimer from Canadiens was sent back in the game.
19:20 of 3rd period - Anze Kopitar wins face-off versus Andy Miele in neutral zone.
19:29 of 3rd period - Ryan Mcdonagh is hit by Anze Kopitar.
19:43 of 3rd period - Minor Penalty to Anze Kopitar for Interference.
19:44 of 3rd period - Sam Bennett wins face-off versus Jack Eichel in Canadiens zone.
19:59 of 3rd period - Slapshot by Mikael Granlund.
19:59 of 3rd period - Shot Blocked by Sam Bennett.
Goals for this period are 4 for Canadiens vs 3 for Predators.
Shots for this period are 8 for Canadiens vs 15 for Predators.

Overtime #1


0:01 of 1st overtime period - Mikael Granlund wins face-off versus Sam Bennett in neutral zone.
1:37 of 1st overtime period - Icing by John Moore.
1:38 of 1st overtime period - Mikael Granlund wins face-off versus Sam Bennett in Predators zone.
1:43 of 1st overtime period - Penalty to Anze Kopitar is over, Anze Kopitar is back on ice.
1:58 of 1st overtime period - Snap shot by Adam Fox.
1:58 of 1st overtime period - Shot Blocked by Jack Eichel.
2:00 of 1st overtime period - Wrist shot by Auston Matthews.
2:00 of 1st overtime period - Shot Misses the Net.
2:02 of 1st overtime period - Wrist shot by David Pastrnak.
2:02 of 1st overtime period - Stopped by Andrei Vasilevskiy with a rebound.
2:12 of 1st overtime period - Wrist shot by Mikael Granlund.
2:12 of 1st overtime period - Shot Blocked by Chris Kreider.
2:26 of 1st overtime period - Wrist shot by David Pastrnak.
2:26 of 1st overtime period - Shot Misses the Net.
3:13 of 1st overtime period - Off-side.
3:14 of 1st overtime period - Jack Eichel wins face-off versus Auston Matthews in neutral zone.
4:01 of 1st overtime period - Off-side.
4:02 of 1st overtime period - Mikael Granlund wins face-off versus Mikkel Boedker in neutral zone.
4:09 of 1st overtime period - Wrist shot by Mikael Granlund.
4:09 of 1st overtime period - Stopped by James Reimer without a rebound.
4:10 of 1st overtime period - Auston Matthews wins face-off versus Mikael Granlund in Canadiens zone.
4:17 of 1st overtime period - Snap shot by David Pastrnak.
4:17 of 1st overtime period - Shot Misses the Net.
4:25 of 1st overtime period - Slapshot by Claude Giroux.
4:25 of 1st overtime period - Shot Misses the Net.
4:27 of 1st overtime period - Wrist shot by Mikael Granlund.
4:27 of 1st overtime period - Shot Blocked by Auston Matthews.
4:43 of 1st overtime period - Snap shot by Adam Fox.
4:43 of 1st overtime period - Shot Blocked by Alexander Ovechkin.
4:45 of 1st overtime period - Snap shot by Adam Fox.
4:45 of 1st overtime period - Stopped by Andrei Vasilevskiy with a rebound.
4:47 of 1st overtime period - Snap shot by Chris Kreider.
4:47 of 1st overtime period - Stopped by Andrei Vasilevskiy with a rebound.
4:49 of 1st overtime period - Snap shot by Mikkel Boedker.
4:49 of 1st overtime period - Shot Misses the Net.
4:51 of 1st overtime period - Backhand shot by Mikkel Boedker.
4:51 of 1st overtime period - Stopped by Andrei Vasilevskiy with a rebound.
Goals for this period are 0 for Canadiens vs 0 for Predators.
Shots for this period are 4 for Canadiens vs 1 for Predators.

ShootOut


5:00 of 1st overtime period - Round #1.
5:00 of 1st overtime period - Canadiens, Chris Kreider.
5:00 of 1st overtime period - Snap shot by Chris Kreider.
5:00 of 1st overtime period - Stopped by Andrei Vasilevskiy.
5:00 of 1st overtime period - Predators, Alexander Ovechkin.
5:00 of 1st overtime period - Wrist shot by Alexander Ovechkin.
5:00 of 1st overtime period - Stopped by James Reimer.
5:00 of 1st overtime period - Round #2.
5:00 of 1st overtime period - Canadiens, David Pastrnak.
5:00 of 1st overtime period - Wrist shot by David Pastrnak.
5:00 of 1st overtime period - Stopped by Andrei Vasilevskiy.
5:00 of 1st overtime period - Predators, Jack Eichel.
5:00 of 1st overtime period - Wrist shot by Jack Eichel.
5:00 of 1st overtime period - Shot Misses the Net.
5:00 of 1st overtime period - Round #3.
5:00 of 1st overtime period - Canadiens, Mikkel Boedker.
5:00 of 1st overtime period - Snap shot by Mikkel Boedker.
5:00 of 1st overtime period - Goal by Mikkel Boedker.
5:00 of 1st overtime period - Predators, Claude Giroux.
5:00 of 1st overtime period - Wrist shot by Claude Giroux.
5:00 of 1st overtime period - Goal by Claude Giroux.
5:00 of 1st overtime period - Round #4.
5:00 of 1st overtime period - Canadiens, Anze Kopitar.
5:00 of 1st overtime period - Wrist shot by Anze Kopitar.
5:00 of 1st overtime period - Stopped by Andrei Vasilevskiy.
5:00 of 1st overtime period - Predators, Mikael Granlund.
5:00 of 1st overtime period - Wrist shot by Mikael Granlund.
5:00 of 1st overtime period - Goal by Mikael Granlund.